Get step-by-step instructions on how to execute this build order below. Start the game timer, and the build order will tick by so you can play in parallel with StarCraft on a second screen or mobile device.

Game Time

  0:00

Last Step

  N/A

Next Step

  12  0:00  SCV  

Upcoming Step

  13  0:12  SCV  

Don't want to look back and forth between 2 screens? Try out our Overwolf App, the Spawning Tool Build Advisor to get an in-game overlay with this build!

Complete Build Order

  12  0:00  SCV  
  13  0:12  SCV  
  14  0:17  Supply Depot  
  14  0:24  SCV  
  15  0:39  SCV  
  15  0:41  Barracks  
  16  0:44  Refinery  
  16  0:51  SCV  
  17  1:03  SCV  
  18  1:15  SCV  
  19  1:27  Orbital Command, Reaper  
  20  1:42  Command Center  
  20  1:49  Supply Depot  
  20  1:54  SCV  
  20  1:59  Marine  
  22  2:07  SCV  
  23  2:13  Factory  
  23  2:19  SCV  
  23  2:21  Barracks Reactor  
  24  2:31  SCV  
  25  2:43  SCV  
  26  2:48  Command Center  
  26  2:55  SCV, Orbital Command  
  27  3:06  Starport  
  27  3:07  SCV  
  27  3:11  Refinery  
  28  3:15  Hellion  
  28  3:19  SCV  
  31  3:21  SCV  
  31  3:24  Hellion  
  34  3:28  Barracks Tech Lab  
  34  3:31  SCV  
  34  3:33  SCV  
  36  3:37  Hellion  
  38  3:43  SCV  
  38  3:45  SCV  
  38  3:46  Hellion  
  42  3:51  Banshee  
  45  3:55  SCV  
  45  3:58  Cloaking Field  
  45  4:00  Orbital Command  
  45  4:02  SCV  
  47  4:07  Barracks Tech Lab  
  47  4:08  SCV, Supply Depot  
  48  4:14  SCV  
  49  4:20  SCV  
  50  4:26  SCV  
  50  4:27  SCV  
  47  4:31  Marine  
  47  4:32  SCV  
  47  4:34  Barracks x2  
  47  4:38  Factory Reactor  
  49  4:41  Banshee  
  49  4:42  SCV  
  49  4:43  SCV  
  49  4:44  Refinery  
  49  4:45  Refinery  
  54  4:48  SCV  
  54  4:49  Marine  
  56  4:54  SCV, Bunker  
  56  4:55  SCV  
  56  5:00  SCV  
  56  5:02  Supply Depot  
  56  5:06  SCV  
  56  5:07  SCV, Marine  
  56  5:12  SCV  
  56  5:14  Supply Depot  
  59  5:18  SCV, Engineering Bay  
  59  5:19  SCV, Engineering Bay  
  61  5:22  Marine  
  61  5:23  Marine  
  61  5:25  Supply Depot, Marine  
  61  5:26  SCV  
  65  5:31  Siege Tank  
  65  5:32  Starport Reactor, Marine  
  65  5:35  Marine  
  70  5:37  SCV  
  70  5:38  SCV  
  70  5:42  Supply Depot, Marine x2  
  74  5:48  Orbital Command  
  74  5:49  SCV, Supply Depot  
  76  5:50  SCV, Supply Depot  
  76  5:56  Marine x2  
  79  5:59  Marine  
  79  6:02  Marine  
  80  6:04  Marine  
  80  6:05  Barracks x2